3072 views
Uploaded 2020-04-03 22:25:28
Game version 1.32.3
34:12 long 4on4 ladder game on (8)TwilightRuins_LV
Saved by BEARAND
3072 views
Uploaded 2020-04-03 22:25:28
Game version 1.32.3
34:12 long 4on4 ladder game on (8)TwilightRuins_LV


233 units @ 36.5k
/ 5.1k
79 buildings @ 12.3k
/ 5.7k

| Orb of Venom | 1 | 325 |
| Potion of Mana | 1 | 200 |
| total: | 2 | 525g |
| Wisp | 18 | 1080 | / | 0 |
| Huntress | 14 | 2730 | / | 280 |
| Chimaera | 20 | 6600 | / | 1400 |
| Dryad | 1 | 145 | / | 60 |
| Hippogryph | 2 | 320 | / | 40 |
| total: | 55 | 10875g | / | 1780w |
| Altar of Elders | 1 | 180 | / | 50 |
| Moon Well | 8 | 1440 | / | 320 |
| Hunter's Hall | 1 | 210 | / | 100 |
| Ancient of War | 2 | 300 | / | 120 |
| Tree of Life | 2 | 680 | / | 370 |
| Ancient of Wonders | 1 | 90 | / | 30 |
| Ancient of Lore | 2 | 310 | / | 290 |
| Ancient of Wind | 2 | 300 | / | 280 |
| Chimaera Roost | 2 | 280 | / | 380 |
| Tree of Ages | 1 | 320 | / | 180 |
| Tree of Eternity | 1 | 330 | / | 200 |
| total: | 21 | 3790g | / | 1940w |
| 0:05 | Wisp |
| 0:06 | Wisp |
| 0:10 | Altar of Elders |
| 0:19 | Moon Well |
| 0:33 | Wisp |
| 0:33 | Wisp |
| 0:33 | Wisp |
| 0:33 | Wisp |
| 1:05 | Wisp |
| 1:05 | Wisp |
| 1:26 | Hunter's Hall |
| 1:32 | Wisp |
| 1:33 | Wisp |
| 1:47 | Ancient of War |
| 2:01 | Moon Well |
| 2:18 | Trueshot Aura |
| 2:23 | Ancient of War |
| 2:52 | Huntress |
| 2:52 | Huntress |
| 3:21 | Moon Well |
| 3:31 | Huntress |
| 3:42 | Huntress |
| 4:21 | Huntress |
| 4:23 | Huntress |
| 4:57 | Huntress |
| 5:13 | Tree of Ages |
| 5:46 | Strength of the Wild |
| 5:46 | Reinforced Hides |
| 6:02 | Moon Well |
| 6:33 | Huntress |
| 6:33 | Huntress |
| 6:56 | Searing Arrows |
| 7:01 | Huntress |
| 7:15 | Huntress |
| 7:33 | Huntress |
| 7:52 | Huntress |
| 8:35 | Ancient of Lore |
| 8:38 | Ancient of Lore |
| 9:00 | Wisp |
| 9:00 | Wisp |
| 9:40 | Tree of Eternity |
| 10:54 | Huntress |
| 11:09 | Improved Strength of the Wild |
| 11:10 | Improved Reinforced Hides |
| 12:08 | Chimaera Roost |
| 12:11 | Chimaera Roost |
| 12:14 | Trueshot Aura |
| 12:19 | Moon Well |
| 13:06 | Tree of Life |
| 13:27 | Moon Well |
| 13:33 | Chimaera |
| 13:41 | Corrosive Breath |
| 14:00 | Chimaera |
| 15:13 | Chimaera |
| 15:14 | Chimaera |
| 15:27 | Wisp |
| 15:27 | Wisp |
| 15:27 | Wisp |
| 15:28 | Wisp |
| 15:28 | Wisp |
| 15:41 | Dryad |
| 15:43 | Abolish Magic |
| 16:20 | Advanced Strength of the Wild |
| 17:02 | Searing Arrows |
| 17:17 | Chimaera |
| 18:02 | Chimaera |
| 18:25 | Advanced Reinforced Hides |
| 18:31 | Chimaera |
| 18:59 | Chimaera |
| 19:31 | Moon Well |
| 19:45 | Ancient of Wonders |
| 20:14 | Well Spring |
| 20:18 | Chimaera |
| 20:24 | Moon Well |
| 20:28 | Chimaera |
| 21:01 | Orb of Venom |
| 21:07 | Potion of Mana |
| 22:24 | Chimaera |
| 22:26 | Chimaera |
| 22:49 | Trueshot Aura |
| 24:36 | Chimaera |
| 24:36 | Chimaera |
| 24:53 | Starfall |
| 25:57 | Chimaera |
| 25:58 | Chimaera |
| 27:08 | Tree of Life |
| 27:57 | Chimaera |
| 29:13 | Wisp |
| 29:47 | Ancient of Wind |
| 29:51 | Ancient of Wind |
| 32:40 | Chimaera |
| 32:40 | Chimaera |
| 32:42 | Chimaera |
| 33:15 | Hippogryph |
| 33:17 | Hippogryph |
| 33:19 | Moon Armor |
| 33:22 | Strength of the Moon |
| Select | 386 |
| Right click | 347 |
| Select group | 303 |
| Misc. action | 251 |
| Build/train/purchase | 88 |
| Assign group | 29 |
| Use ability | 5 |
| Minimap ping | 5 |
| Resource trade | 5 |
| Item give/drop | 2 |
| Remove unit | 1 |


| Healing Salve | 2 | 200 |
| Lesser Clarity Potion | 2 | 140 |
| Orb of Lightning | 1 | 375 |
| total: | 5 | 715g |
| Peon | 22 | 1650 | / | 0 |
| Grunt | 8 | 1600 | / | 0 |
| Troll Headhunter | 10 | 1400 | / | 200 |
| Demolisher | 3 | 660 | / | 150 |
| Raider | 11 | 1980 | / | 440 |
| Troll Berserker | 3 | 420 | / | 60 |
| Shaman | 4 | 520 | / | 80 |
| Kodo Beast | 1 | 255 | / | 60 |
| Goblin Shredder | 1 | 375 | / | 100 |
| Makrura Snapper | 1 | 315 | / | 0 |
| total: | 64 | 9175g | / | 1090w |
| Watch Tower | 5 | 550 | / | 400 |
| Altar of Storms | 1 | 180 | / | 50 |
| Orc Burrow | 6 | 960 | / | 240 |
| Barracks | 2 | 360 | / | 100 |
| War Mill | 1 | 205 | / | 0 |
| Voodoo Lounge | 1 | 130 | / | 30 |
| Great Hall | 1 | 385 | / | 185 |
| Beastiary | 2 | 290 | / | 280 |
| Spirit Lodge | 2 | 300 | / | 300 |
| Stronghold | 1 | 315 | / | 190 |
| Fortress | 1 | 325 | / | 190 |
| total: | 21 | 3360g | / | 1585w |
| 0:03 | Peon |
| 0:03 | Peon |
| 0:07 | Altar of Storms |
| 0:09 | Orc Burrow |
| 0:19 | Peon |
| 0:35 | Peon |
| 0:50 | Barracks |
| 0:54 | Peon |
| 1:11 | Peon |
| 1:25 | Orc Burrow |
| 1:39 | Peon |
| 1:52 | Grunt |
| 2:07 | War Mill |
| 2:17 | Endurance Aura |
| 2:25 | Grunt |
| 2:41 | Voodoo Lounge |
| 2:56 | Grunt |
| 3:05 | Peon |
| 3:25 | Orc Burrow |
| 3:52 | Grunt |
| 3:58 | Barracks |
| 4:05 | Shockwave |
| 4:10 | Pillage |
| 4:17 | Healing Salve |
| 4:28 | Lesser Clarity Potion |
| 4:42 | Steel Melee Weapons |
| 4:47 | Troll Headhunter |
| 5:04 | Troll Headhunter |
| 5:30 | Orc Burrow |
| 5:47 | Stronghold |
| 6:00 | Troll Headhunter |
| 6:43 | Troll Headhunter |
| 7:13 | Troll Headhunter |
| 7:19 | Thorium Melee Weapons |
| 7:22 | Orc Burrow |
| 7:35 | Endurance Aura |
| 7:46 | Grunt |
| 8:09 | Beastiary |
| 8:48 | Demolisher |
| 8:57 | Steel Ranged Weapons |
| 9:44 | Makrura Snapper |
| 9:57 | Steel Armor |
| 11:01 | Grunt |
| 11:39 | Demolisher |
| 11:57 | Raider |
| 12:01 | Thorium Armor |
| 12:06 | Demolisher |
| 12:11 | Beastiary |
| 12:34 | Raider |
| 12:45 | Grunt |
| 13:25 | Raider |
| 13:56 | Arcanite Armor |
| 14:02 | Shockwave |
| 14:46 | Great Hall |
| 15:39 | Ensnare |
| 15:39 | Raider |
| 16:10 | Raider |
| 16:12 | Raider |
| 17:17 | Troll Headhunter |
| 17:18 | Raider |
| 18:24 | Peon |
| 18:24 | Peon |
| 18:24 | Peon |
| 18:24 | Peon |
| 18:58 | Fortress |
| 19:36 | Raider |
| 19:44 | Troll Headhunter |
| 19:45 | Troll Regeneration |
| 20:11 | Soul Burn |
| 20:14 | Thorium Ranged Weapons |
| 20:26 | Raider |
| 20:28 | Troll Headhunter |
| 21:18 | Troll Headhunter |
| 21:19 | Berserker Upgrade |
| 21:20 | Troll Headhunter |
| 22:20 | Troll Berserker |
| 22:23 | Spirit Lodge |
| 23:39 | Orc Burrow |
| 23:46 | Shaman Adept Training |
| 23:49 | Spirit Lodge |
| 23:55 | Endurance Aura |
| 25:33 | Goblin Shredder |
| 25:40 | Peon |
| 25:40 | Peon |
| 25:41 | Peon |
| 25:41 | Peon |
| 25:41 | Peon |
| 25:44 | Peon |
| 25:44 | Peon |
| 25:45 | Peon |
| 25:45 | Peon |
| 25:45 | Peon |
| 26:11 | Shaman Master Training |
| 26:12 | Shaman |
| 26:12 | Shaman |
| 26:40 | Grunt |
| 27:03 | Shaman |
| 27:16 | Watch Tower |
| 27:19 | Watch Tower |
| 27:21 | Watch Tower |
| 28:04 | Watch Tower |
| 28:09 | Watch Tower |
| 29:50 | Troll Berserker |
| 29:54 | Incinerate |
| 30:32 | Kodo Beast |
| 30:37 | Shaman |
| 30:40 | Troll Berserker |
| 31:40 | Lesser Clarity Potion |
| 31:44 | Healing Salve |
| 31:58 | Orb of Lightning |
| 32:38 | Raider |
| 32:41 | Raider |
| 33:12 | Reincarnation |
| 33:32 | Soul Burn |
| Right click | 981 |
| Select | 448 |
| Select group | 163 |
| Misc. action | 147 |
| Build/train/purchase | 108 |
| Chat | 58 |
| Use ability | 56 |
| Assign group | 36 |
| Minimap ping | 4 |
| Remove unit | 2 |
| Esc | 1 |


| Lesser Clarity Potion | 1 | 70 |
| Scroll of Town Portal | 1 | 350 |
| Wand of Illusion | 1 | 150 |
| Claws of Attack +6 | 1 | 125 |
| Legion Doom-Horn | 1 | 500 |
| total: | 5 | 1195g |
| Peasant | 17 | 1275 | / | 0 |
| Footman | 6 | 810 | / | 0 |
| Rifleman | 17 | 3485 | / | 510 |
| Mortar Team | 3 | 540 | / | 210 |
| Siege Engine | 6 | 1170 | / | 360 |
| total: | 49 | 7280g | / | 1080w |
| Scout Tower | 3 | 90 | / | 60 |
| Arcane Tower | 3 | 210 | / | 150 |
| Altar of Kings | 1 | 180 | / | 50 |
| Barracks | 2 | 320 | / | 120 |
| Farm | 10 | 800 | / | 200 |
| Blacksmith | 1 | 140 | / | 60 |
| Arcane Vault | 1 | 130 | / | 30 |
| Lumber Mill | 1 | 120 | / | 0 |
| Town Hall | 1 | 385 | / | 205 |
| Workshop | 2 | 280 | / | 280 |
| Keep | 1 | 320 | / | 210 |
| Castle | 1 | 360 | / | 210 |
| total: | 22 | 2445g | / | 1005w |
| 0:02 | Peasant |
| 0:02 | Peasant |
| 0:05 | Altar of Kings |
| 0:10 | Barracks |
| 0:24 | Farm |
| 0:27 | Peasant |
| 0:37 | Peasant |
| 0:37 | Peasant |
| 0:51 | Peasant |
| 1:01 | Farm |
| 1:15 | Footman |
| 1:23 | Peasant |
| 1:37 | Footman |
| 1:45 | Farm |
| 1:58 | Footman |
| 1:58 | Footman |
| 2:07 | Summon Water Elemental |
| 2:16 | Footman |
| 2:28 | Blacksmith |
| 2:44 | Footman |
| 2:48 | Farm |
| 3:17 | Barracks |
| 3:18 | Peasant |
| 3:37 | Arcane Vault |
| 3:44 | Rifleman |
| 3:46 | Brilliance Aura |
| 3:54 | Farm |
| 4:17 | Rifleman |
| 4:31 | Rifleman |
| 4:46 | Wand of Illusion |
| 4:52 | Claws of Attack +6 |
| 5:04 | Black Gunpowder |
| 5:14 | Lesser Clarity Potion |
| 5:30 | Defend |
| 7:13 | Summon Water Elemental |
| 7:52 | Keep |
| 7:54 | Studded Leather Armor |
| 7:56 | Rifleman |
| 8:00 | Farm |
| 8:43 | Rifleman |
| 8:46 | Farm |
| 9:02 | Farm |
| 9:39 | Farm |
| 9:41 | Rifleman |
| 10:55 | Rifleman |
| 10:55 | Long Rifles |
| 10:57 | Castle |
| 11:02 | Workshop |
| 11:05 | Lumber Mill |
| 11:29 | Brilliance Aura |
| 11:57 | Farm |
| 12:03 | Mortar Team |
| 12:06 | Flare |
| 12:41 | Workshop |
| 12:51 | Holy Light |
| 13:03 | Mortar Team |
| 13:33 | Iron Plating |
| 13:42 | Rifleman |
| 13:55 | Mortar Team |
| 14:54 | Flying Machine Bombs |
| 15:01 | Town Hall |
| 15:45 | Flak Cannons |
| 15:49 | Refined Gunpowder |
| 16:23 | Fragmentation Shards |
| 17:54 | Rifleman |
| 18:04 | Peasant |
| 18:04 | Peasant |
| 18:04 | Peasant |
| 18:35 | Rifleman |
| 18:50 | Siege Engine |
| 18:58 | Peasant |
| 19:10 | Siege Engine |
| 19:16 | Rifleman |
| 19:30 | Rifleman |
| 19:54 | Siege Engine |
| 20:11 | Siege Engine |
| 20:27 | Divine Shield |
| 20:38 | Legion Doom-Horn |
| 20:48 | Siege Engine |
| 21:10 | Peasant |
| 21:11 | Peasant |
| 21:11 | Peasant |
| 21:44 | Reinforced Leather Armor |
| 23:07 | Summon Water Elemental |
| 23:27 | Imbued Gunpowder |
| 23:34 | Rifleman |
| 24:39 | Rifleman |
| 25:30 | Improved Lumber Harvesting |
| 27:11 | Rifleman |
| 27:27 | Peasant |
| 27:54 | Scout Tower |
| 27:56 | Peasant |
| 28:37 | Arcane Tower |
| 28:38 | Scout Tower |
| 28:41 | Scout Tower |
| 29:00 | Rifleman |
| 29:31 | Arcane Tower |
| 29:32 | Arcane Tower |
| 30:09 | Devotion Aura |
| 31:25 | Siege Engine |
| 31:32 | Rifleman |
| 32:01 | Scroll of Town Portal |
| Right click | 609 |
| Select | 412 |
| Select group | 397 |
| Build/train/purchase | 111 |
| Misc. action | 93 |
| Assign group | 34 |
| Use ability | 23 |
| Resource trade | 5 |
| Item give/drop | 2 |
| Remove unit | 1 |
| Minimap ping | 1 |

| Wisp | 16 | 960 | / | 0 |
| Huntress | 10 | 1950 | / | 200 |
| Glaive Thrower | 5 | 1050 | / | 325 |
| Hippogryph | 25 | 4000 | / | 500 |
| Archer | 9 | 1170 | / | 90 |
| total: | 65 | 9130g | / | 1115w |
| Altar of Elders | 1 | 180 | / | 50 |
| Moon Well | 7 | 1260 | / | 280 |
| Hunter's Hall | 1 | 210 | / | 100 |
| Ancient of War | 2 | 300 | / | 120 |
| Tree of Life | 1 | 340 | / | 185 |
| Ancient of Wind | 2 | 300 | / | 280 |
| Ancient of Lore | 1 | 155 | / | 145 |
| Tree of Ages | 1 | 320 | / | 180 |
| Tree of Eternity | 1 | 330 | / | 200 |
| total: | 15 | 2745g | / | 1160w |
| 0:02 | Wisp |
| 0:02 | Wisp |
| 0:07 | Altar of Elders |
| 0:10 | Moon Well |
| 0:28 | Wisp |
| 0:39 | Wisp |
| 0:50 | Wisp |
| 1:04 | Wisp |
| 1:12 | Moon Well |
| 1:14 | Wisp |
| 1:30 | Wisp |
| 1:34 | Hunter's Hall |
| 1:48 | Wisp |
| 1:53 | Ancient of War |
| 2:11 | Force of Nature |
| 2:20 | Ancient of War |
| 2:23 | Wisp |
| 2:38 | Moon Well |
| 2:59 | Huntress |
| 3:01 | Wisp |
| 3:23 | Huntress |
| 3:35 | Huntress |
| 4:00 | Huntress |
| 4:23 | Huntress |
| 4:30 | Entangling Roots |
| 4:34 | Huntress |
| 4:51 | Huntress |
| 5:05 | Moon Armor |
| 5:24 | Moon Well |
| 5:43 | Strength of the Moon |
| 7:12 | Huntress |
| 7:13 | Huntress |
| 7:28 | Tree of Ages |
| 7:52 | Moon Well |
| 8:59 | Glaive Thrower |
| 9:42 | Moon Well |
| 11:04 | Glaive Thrower |
| 11:11 | Ancient of Wind |
| 11:35 | Ancient of Wind |
| 12:08 | Huntress |
| 12:44 | Hippogryph |
| 12:44 | Hippogryph |
| 12:46 | Hippogryph |
| 12:46 | Hippogryph |
| 12:54 | Archer |
| 13:14 | Archer |
| 14:00 | Glaive Thrower |
| 14:22 | Entangling Roots |
| 14:55 | Improved Bows |
| 15:01 | Tree of Life |
| 16:18 | Hippogryph |
| 16:19 | Archer |
| 16:22 | Moon Well |
| 16:27 | Improved Strength of the Moon |
| 18:06 | Hippogryph |
| 18:06 | Hippogryph |
| 18:08 | Hippogryph |
| 18:08 | Hippogryph |
| 18:20 | Wisp |
| 18:20 | Wisp |
| 18:20 | Wisp |
| 18:21 | Wisp |
| 18:22 | Wisp |
| 19:15 | Hippogryph |
| 19:17 | Hippogryph |
| 19:27 | Glaive Thrower |
| 20:12 | Improved Moon Armor |
| 20:22 | Archer |
| 21:26 | Hippogryph |
| 21:28 | Hippogryph |
| 21:30 | Archer |
| 21:43 | Tree of Eternity |
| 23:06 | Ultravision |
| 23:16 | Force of Nature |
| 25:15 | Archer |
| 25:16 | Archer |
| 25:17 | Hippogryph |
| 25:17 | Hippogryph |
| 25:19 | Hippogryph |
| 25:19 | Hippogryph |
| 25:22 | Advanced Strength of the Moon |
| 27:00 | Hippogryph |
| 27:01 | Hippogryph |
| 27:02 | Archer |
| 27:04 | Hippogryph |
| 27:04 | Hippogryph |
| 27:33 | Archer |
| 29:19 | Hippogryph |
| 29:19 | Hippogryph |
| 29:21 | Hippogryph |
| 29:21 | Hippogryph |
| 29:25 | Strength of the Wild |
| 30:58 | Ancient of Lore |
| 31:35 | Glaive Thrower |
| 31:56 | Improved Strength of the Wild |
| Right click | 1161 |
| Select group | 466 |
| Select | 455 |
| Misc. action | 137 |
| Assign group | 99 |
| Build/train/purchase | 93 |
| Use ability | 18 |
139 units @ 13.5k
/ 0.7k
364 buildings @ 19.6k
/ 10k



| Orb of Corruption | 3 | 1125 |
| Boots of Speed | 3 | 750 |
| Staff of Teleportation | 3 | 450 |
| Circlet of Nobility | 2 | 350 |
| Scroll of Regeneration | 1 | 100 |
| Staff of Sanctuary | 3 | 750 |
| Replenishment Potion | 1 | 150 |
| Pendant of Energy | 1 | 300 |
| total: | 17 | 3975g |
| Acolyte | 11 | 825 | / | 0 |
| Ghoul | 10 | 1200 | / | 0 |
| Obsidian Statue | 4 | 800 | / | 140 |
| Crypt Fiend | 2 | 430 | / | 80 |
| total: | 27 | 3255g | / | 220w |
| Nerubian Tower | 2 | 200 | / | 40 |
| Spirit Tower | 3 | 435 | / | 120 |
| Crypt | 1 | 200 | / | 50 |
| Altar of Darkness | 3 | 540 | / | 150 |
| Ziggurat | 10 | 1500 | / | 500 |
| Graveyard | 1 | 215 | / | 0 |
| Tomb of Relics | 2 | 260 | / | 60 |
| Necropolis | 2 | 450 | / | 0 |
| Slaughterhouse | 1 | 140 | / | 135 |
| Halls of the Dead | 1 | 320 | / | 210 |
| Black Citadel | 1 | 325 | / | 230 |
| total: | 20 | 3305g | / | 895w |
| 0:03 | Acolyte |
| 0:07 | Crypt |
| 0:12 | Altar of Darkness |
| 0:14 | Acolyte |
| 0:34 | Ziggurat |
| 0:50 | Ziggurat |
| 1:09 | Ghoul |
| 1:16 | Ghoul |
| 1:26 | Cannibalize |
| 1:32 | Ghoul |
| 1:45 | Nerubian Tower |
| 1:59 | Ghoul |
| 2:17 | Ghoul |
| 2:29 | Death Coil |
| 2:34 | Ghoul |
| 2:51 | Ghoul |
| 2:51 | Ghoul |
| 3:13 | Ghoul |
| 3:13 | Ghoul |
| 4:22 | Halls of the Dead |
| 5:11 | Unholy Aura |
| 5:24 | Ziggurat |
| 5:25 | Ziggurat |
| 5:30 | Graveyard |
| 6:49 | Nerubian Tower |
| 7:46 | Ziggurat |
| 7:47 | Ziggurat |
| 7:51 | Frost Nova |
| 8:19 | Tomb of Relics |
| 8:43 | Spirit Tower |
| 9:19 | Black Citadel |
| 10:44 | Death Coil |
| 11:17 | Frost Armor |
| 11:42 | Acolyte |
| 12:07 | Boots of Speed |
| 12:07 | Staff of Teleportation |
| 12:12 | Tomb of Relics |
| 12:23 | Orb of Corruption |
| 12:26 | Slaughterhouse |
| 12:49 | Replenishment Potion |
| 13:17 | Boots of Speed |
| 13:17 | Staff of Teleportation |
| 13:41 | Obsidian Statue |
| 13:42 | Obsidian Statue |
| 13:47 | Ziggurat |
| 13:48 | Ziggurat |
| 14:15 | Carrion Swarm |
| 14:23 | Orb of Corruption |
| 14:51 | Orb of Corruption |
| 15:01 | Frost Nova |
| 15:05 | Unholy Aura |
| 16:13 | Boots of Speed |
| 16:20 | Circlet of Nobility |
| 17:09 | Scroll of Regeneration |
| 17:12 | Staff of Sanctuary |
| 17:39 | Frost Armor |
| 18:37 | Vampiric Aura |
| 19:39 | Necropolis |
| 19:56 | Circlet of Nobility |
| 19:58 | Staff of Teleportation |
| 20:20 | Spirit Tower |
| 20:54 | Pendant of Energy |
| 21:49 | Staff of Sanctuary |
| 22:10 | Staff of Sanctuary |
| 22:23 | Acolyte |
| 22:23 | Acolyte |
| 22:24 | Acolyte |
| 22:24 | Acolyte |
| 22:39 | Burrow |
| 22:39 | Web |
| 22:39 | Crypt Fiend |
| 22:39 | Crypt Fiend |
| 23:09 | Necropolis |
| 24:30 | Carrion Swarm |
| 25:16 | Frost Nova |
| 25:30 | Altar of Darkness |
| 25:31 | Altar of Darkness |
| 25:33 | Ziggurat |
| 25:34 | Ziggurat |
| 26:32 | Acolyte |
| 26:32 | Acolyte |
| 26:32 | Acolyte |
| 26:32 | Acolyte |
| 27:56 | Obsidian Statue |
| 28:07 | Obsidian Statue |
| 28:39 | Spirit Tower |
| 29:36 | Death Coil |
| 33:19 | Death and Decay |
| 33:33 | Sleep |
| 34:05 | Unholy Aura |
| Select group | 2756 |
| Right click | 2678 |
| Select | 279 |
| Resource trade | 153 |
| Use ability | 136 |
| Build/train/purchase | 89 |
| Misc. action | 83 |
| Minimap ping | 51 |
| Item give/drop | 24 |
| Assign group | 20 |
| Chat | 8 |
| Remove unit | 1 |


| Scroll of Regeneration | 1 | 100 |
| Potion of Healing | 2 | 300 |
| Staff of Sanctuary | 2 | 500 |
| Scroll of Town Portal | 1 | 350 |
| Boots of Speed | 2 | 500 |
| Staff of Teleportation | 2 | 300 |
| Orb of Corruption | 1 | 375 |
| total: | 11 | 2425g |
| Peasant | 27 | 2025 | / | 0 |
| total: | 27 | 2025g | / | 0w |
| Scout Tower | 66 | 1980 | / | 1320 |
| Arcane Tower | 3 | 210 | / | 150 |
| Guard Tower | 36 | 2520 | / | 1800 |
| Altar of Kings | 2 | 360 | / | 100 |
| Farm | 8 | 640 | / | 160 |
| Lumber Mill | 2 | 240 | / | 0 |
| Town Hall | 2 | 770 | / | 410 |
| Keep | 2 | 640 | / | 420 |
| Castle | 1 | 360 | / | 210 |
| total: | 80 | 3990g | / | 1990w |
| 0:05 | Peasant |
| 0:05 | Peasant |
| 0:09 | Altar of Kings |
| 0:21 | Farm |
| 0:24 | Peasant |
| 0:39 | Lumber Mill |
| 0:47 | Peasant |
| 0:51 | Scout Tower |
| 0:53 | Peasant |
| 0:58 | Peasant |
| 1:07 | Scout Tower |
| 1:12 | Peasant |
| 1:17 | Scout Tower |
| 1:21 | Farm |
| 1:29 | Peasant |
| 1:33 | Scout Tower |
| 1:37 | Peasant |
| 1:37 | Arcane Tower |
| 1:54 | Scout Tower |
| 1:58 | Scout Tower |
| 2:02 | Arcane Tower |
| 2:07 | Guard Tower |
| 2:08 | Blizzard |
| 2:12 | Scout Tower |
| 2:13 | Scout Tower |
| 2:20 | Peasant |
| 2:21 | Peasant |
| 2:21 | Peasant |
| 2:22 | Peasant |
| 2:31 | Guard Tower |
| 2:32 | Scout Tower |
| 2:59 | Guard Tower |
| 3:00 | Scout Tower |
| 3:02 | Guard Tower |
| 3:03 | Scout Tower |
| 3:03 | Guard Tower |
| 3:13 | Scout Tower |
| 3:15 | Scout Tower |
| 3:16 | Peasant |
| 3:16 | Peasant |
| 3:44 | Brilliance Aura |
| 3:50 | Guard Tower |
| 3:58 | Boots of Speed |
| 3:58 | Staff of Teleportation |
| 4:34 | Guard Tower |
| 4:35 | Scout Tower |
| 4:35 | Keep |
| 4:37 | Guard Tower |
| 4:37 | Guard Tower |
| 4:38 | Scout Tower |
| 4:39 | Scout Tower |
| 4:39 | Scout Tower |
| 4:40 | Scout Tower |
| 4:43 | Farm |
| 4:43 | Farm |
| 4:46 | Improved Masonry |
| 5:12 | Guard Tower |
| 5:14 | Scout Tower |
| 5:14 | Scout Tower |
| 5:15 | Scout Tower |
| 5:15 | Scout Tower |
| 5:34 | Scout Tower |
| 5:35 | Scout Tower |
| 6:07 | Guard Tower |
| 6:34 | Guard Tower |
| 6:36 | Scout Tower |
| 6:36 | Scout Tower |
| 6:42 | Scout Tower |
| 6:42 | Scout Tower |
| 6:43 | Scout Tower |
| 6:46 | Scout Tower |
| 6:48 | Scout Tower |
| 6:50 | Guard Tower |
| 6:59 | Blizzard |
| 7:15 | Guard Tower |
| 7:22 | Guard Tower |
| 7:23 | Advanced Masonry |
| 7:52 | Scroll of Regeneration |
| 8:03 | Scout Tower |
| 8:08 | Lumber Mill |
| 8:11 | Scroll of Town Portal |
| 8:16 | Altar of Kings |
| 8:24 | Farm |
| 8:25 | Farm |
| 8:57 | Arcane Tower |
| 8:59 | Scout Tower |
| 9:00 | Scout Tower |
| 9:29 | Guard Tower |
| 9:54 | Guard Tower |
| 9:57 | Scout Tower |
| 9:58 | Scout Tower |
| 9:58 | Scout Tower |
| 9:58 | Scout Tower |
| 11:30 | Guard Tower |
| 11:40 | Farm |
| 11:56 | Guard Tower |
| 12:02 | Town Hall |
| 12:20 | Farm |
| 12:24 | Scout Tower |
| 12:24 | Scout Tower |
| 12:33 | Brilliance Aura |
| 13:59 | Guard Tower |
| 13:59 | Guard Tower |
| 17:02 | Potion of Healing |
| 18:10 | Town Hall |
| 18:13 | Peasant |
| 18:13 | Peasant |
| 18:13 | Peasant |
| 18:14 | Peasant |
| 18:51 | Blizzard |
| 19:17 | Keep |
| 20:15 | Peasant |
| 20:16 | Peasant |
| 20:16 | Peasant |
| 20:17 | Peasant |
| 20:30 | Scout Tower |
| 20:31 | Scout Tower |
| 20:32 | Scout Tower |
| 20:32 | Scout Tower |
| 21:11 | Guard Tower |
| 21:31 | Guard Tower |
| 21:34 | Scout Tower |
| 21:35 | Scout Tower |
| 21:35 | Scout Tower |
| 21:36 | Scout Tower |
| 21:41 | Imbued Masonry |
| 21:42 | Castle |
| 21:52 | Guard Tower |
| 22:08 | Guard Tower |
| 22:09 | Scout Tower |
| 22:10 | Scout Tower |
| 22:18 | Guard Tower |
| 22:44 | Staff of Sanctuary |
| 22:47 | Storm Bolt |
| 23:07 | Scout Tower |
| 23:08 | Scout Tower |
| 23:08 | Scout Tower |
| 23:08 | Scout Tower |
| 23:09 | Scout Tower |
| 23:09 | Scout Tower |
| 23:10 | Scout Tower |
| 23:11 | Scout Tower |
| 23:58 | Orb of Corruption |
| 24:18 | Potion of Healing |
| 24:59 | Bash |
| 25:05 | Peasant |
| 25:05 | Peasant |
| 25:05 | Peasant |
| 25:05 | Peasant |
| 25:29 | Scout Tower |
| 25:29 | Scout Tower |
| 25:29 | Scout Tower |
| 25:30 | Scout Tower |
| 25:31 | Scout Tower |
| 25:31 | Scout Tower |
| 25:46 | Scout Tower |
| 25:46 | Scout Tower |
| 26:57 | Guard Tower |
| 27:34 | Staff of Teleportation |
| 27:35 | Boots of Speed |
| 27:55 | Staff of Sanctuary |
| 29:16 | Storm Bolt |
| 29:18 | Mass Teleport |
| 33:57 | Bash |
| Right click | 3435 |
| Select | 728 |
| Select group | 316 |
| Build/train/purchase | 142 |
| Use ability | 91 |
| Chat | 37 |
| Misc. action | 14 |
| Item give/drop | 13 |
| Minimap ping | 11 |
| Assign group | 10 |
| Remove unit | 1 |

| Scroll of Regeneration | 4 | 400 |
| Orb of Fire | 1 | 325 |
| Potion of Healing | 3 | 450 |
| Lesser Clarity Potion | 2 | 140 |
| Boots of Speed | 1 | 250 |
| Staff of Teleportation | 1 | 150 |
| Orb of Corruption | 1 | 375 |
| Pendant of Energy | 1 | 300 |
| Ancient Janggo of Endurance | 1 | 500 |
| total: | 15 | 2890g |
| Peasant | 39 | 2925 | / | 0 |
| Priest | 1 | 135 | / | 10 |
| Dragonhawk Rider | 14 | 2800 | / | 420 |
| total: | 54 | 5860g | / | 430w |
| Scout Tower | 122 | 3660 | / | 2440 |
| Arcane Tower | 12 | 840 | / | 600 |
| Guard Tower | 64 | 4480 | / | 3200 |
| Altar of Kings | 1 | 180 | / | 50 |
| Farm | 3 | 240 | / | 60 |
| Lumber Mill | 1 | 120 | / | 0 |
| Arcane Vault | 3 | 390 | / | 90 |
| Town Hall | 3 | 1155 | / | 615 |
| Barracks | 1 | 160 | / | 60 |
| Blacksmith | 1 | 140 | / | 60 |
| Arcane Sanctum | 1 | 150 | / | 140 |
| Gryphon Aviary | 1 | 140 | / | 150 |
| Keep | 2 | 640 | / | 420 |
| Castle | 1 | 360 | / | 210 |
| total: | 137 | 6335g | / | 3665w |
| 0:01 | Peasant |
| 0:04 | Altar of Kings |
| 0:15 | Peasant |
| 0:18 | Farm |
| 0:27 | Peasant |
| 0:41 | Lumber Mill |
| 0:42 | Peasant |
| 0:49 | Peasant |
| 0:57 | Farm |
| 1:07 | Peasant |
| 1:19 | Peasant |
| 1:28 | Scout Tower |
| 1:29 | Scout Tower |
| 1:30 | Peasant |
| 1:34 | Scout Tower |
| 1:38 | Peasant |
| 1:52 | Peasant |
| 1:58 | Arcane Tower |
| 2:00 | Scout Tower |
| 2:10 | Flame Strike |
| 2:15 | Arcane Tower |
| 2:16 | Peasant |
| 2:20 | Peasant |
| 2:32 | Guard Tower |
| 2:43 | Arcane Vault |
| 2:48 | Guard Tower |
| 2:49 | Scout Tower |
| 2:50 | Scout Tower |
| 2:52 | Peasant |
| 2:57 | Improved Masonry |
| 2:58 | Advanced Masonry |
| 3:05 | Peasant |
| 3:23 | Guard Tower |
| 3:27 | Scout Tower |
| 3:35 | Scout Tower |
| 3:49 | Keep |
| 4:21 | Boots of Speed |
| 4:21 | Staff of Teleportation |
| 4:31 | Guard Tower |
| 4:33 | Guard Tower |
| 4:36 | Scout Tower |
| 4:54 | Siphon Mana |
| 5:13 | Town Hall |
| 5:21 | Scout Tower |
| 5:22 | Scout Tower |
| 5:23 | Scout Tower |
| 5:24 | Scout Tower |
| 5:24 | Scout Tower |
| 5:25 | Scout Tower |
| 5:32 | Guard Tower |
| 5:33 | Scout Tower |
| 5:34 | Scout Tower |
| 6:34 | Guard Tower |
| 6:35 | Scout Tower |
| 6:47 | Castle |
| 6:49 | Guard Tower |
| 6:51 | Scout Tower |
| 6:52 | Scout Tower |
| 6:53 | Guard Tower |
| 7:14 | Guard Tower |
| 7:16 | Scout Tower |
| 7:16 | Scout Tower |
| 7:27 | Guard Tower |
| 7:47 | Scroll of Regeneration |
| 7:53 | Guard Tower |
| 7:55 | Scout Tower |
| 7:55 | Scout Tower |
| 7:58 | Guard Tower |
| 8:08 | Imbued Masonry |
| 8:11 | Peasant |
| 8:11 | Peasant |
| 8:16 | Peasant |
| 8:16 | Peasant |
| 8:28 | Arcane Tower |
| 8:33 | Scout Tower |
| 8:33 | Scout Tower |
| 8:36 | Improved Lumber Harvesting |
| 8:36 | Advanced Lumber Harvesting |
| 9:04 | Guard Tower |
| 9:07 | Arcane Sanctum |
| 9:11 | Peasant |
| 9:12 | Guard Tower |
| 9:13 | Guard Tower |
| 9:47 | Guard Tower |
| 9:51 | Peasant |
| 9:51 | Peasant |
| 9:56 | Scout Tower |
| 9:56 | Scout Tower |
| 10:06 | Peasant |
| 10:07 | Peasant |
| 10:23 | Guard Tower |
| 10:24 | Peasant |
| 10:24 | Peasant |
| 10:43 | Peasant |
| 10:43 | Peasant |
| 10:56 | Scout Tower |
| 10:56 | Scout Tower |
| 11:21 | Flame Strike |
| 11:27 | Magic Sentry |
| 11:27 | Priest Adept Training |
| 11:27 | Priest |
| 11:32 | Orb of Fire |
| 11:32 | Scroll of Regeneration |
| 11:45 | Scout Tower |
| 11:56 | Farm |
| 12:01 | Arcane Tower |
| 12:02 | Guard Tower |
| 12:04 | Scout Tower |
| 12:05 | Scout Tower |
| 12:13 | Guard Tower |
| 12:13 | Scout Tower |
| 12:15 | Scout Tower |
| 12:33 | Town Hall |
| 12:38 | Scout Tower |
| 12:38 | Scout Tower |
| 12:40 | Guard Tower |
| 12:48 | Peasant |
| 12:48 | Peasant |
| 12:59 | Guard Tower |
| 13:02 | Scout Tower |
| 13:04 | Guard Tower |
| 13:09 | Scout Tower |
| 13:10 | Scout Tower |
| 13:11 | Scout Tower |
| 13:12 | Scout Tower |
| 13:12 | Guard Tower |
| 13:31 | Guard Tower |
| 13:32 | Scout Tower |
| 13:33 | Scout Tower |
| 13:44 | Scout Tower |
| 13:45 | Scout Tower |
| 13:45 | Scout Tower |
| 13:46 | Scout Tower |
| 13:46 | Scout Tower |
| 13:46 | Scout Tower |
| 13:48 | Peasant |
| 13:48 | Peasant |
| 14:23 | Guard Tower |
| 14:28 | Town Hall |
| 14:30 | Guard Tower |
| 14:36 | Scout Tower |
| 14:37 | Scout Tower |
| 14:43 | Guard Tower |
| 14:48 | Scout Tower |
| 14:49 | Scout Tower |
| 15:10 | Siphon Mana |
| 15:29 | Guard Tower |
| 15:31 | Scout Tower |
| 15:31 | Scout Tower |
| 15:32 | Scout Tower |
| 15:32 | Scout Tower |
| 15:39 | Guard Tower |
| 15:40 | Scout Tower |
| 15:41 | Scout Tower |
| 15:42 | Scout Tower |
| 15:42 | Peasant |
| 15:45 | Peasant |
| 15:49 | Arcane Vault |
| 15:53 | Scout Tower |
| 15:53 | Scout Tower |
| 15:54 | Scout Tower |
| 15:54 | Scout Tower |
| 15:56 | Scout Tower |
| 15:56 | Scout Tower |
| 16:04 | Guard Tower |
| 16:09 | Arcane Vault |
| 16:10 | Peasant |
| 16:10 | Peasant |
| 16:11 | Arcane Tower |
| 16:30 | Scout Tower |
| 16:30 | Scout Tower |
| 16:31 | Scout Tower |
| 16:31 | Scout Tower |
| 16:32 | Guard Tower |
| 16:48 | Scroll of Regeneration |
| 16:50 | Potion of Healing |
| 17:12 | Potion of Healing |
| 17:25 | Guard Tower |
| 17:28 | Scout Tower |
| 17:28 | Scout Tower |
| 17:29 | Guard Tower |
| 17:34 | Guard Tower |
| 17:36 | Scout Tower |
| 17:37 | Scout Tower |
| 17:38 | Scout Tower |
| 17:38 | Scout Tower |
| 17:39 | Scout Tower |
| 17:39 | Scout Tower |
| 17:40 | Scout Tower |
| 17:43 | Scroll of Regeneration |
| 17:45 | Potion of Healing |
| 17:56 | Gryphon Aviary |
| 18:07 | Arcane Tower |
| 18:10 | Barracks |
| 18:10 | Blacksmith |
| 18:18 | Guard Tower |
| 18:21 | Scout Tower |
| 18:22 | Scout Tower |
| 18:23 | Scout Tower |
| 18:23 | Scout Tower |
| 18:26 | Arcane Tower |
| 18:44 | Guard Tower |
| 18:46 | Scout Tower |
| 18:47 | Scout Tower |
| 18:59 | Guard Tower |
| 19:01 | Scout Tower |
| 19:01 | Scout Tower |
| 19:05 | Orb of Corruption |
| 19:09 | Guard Tower |
| 19:13 | Peasant |
| 19:13 | Peasant |
| 19:13 | Peasant |
| 19:13 | Peasant |
| 19:18 | Guard Tower |
| 19:24 | Dragonhawk Rider |
| 19:39 | Arcane Tower |
| 19:39 | Guard Tower |
| 19:51 | Arcane Tower |
| 19:52 | Guard Tower |
| 19:55 | Guard Tower |
| 19:56 | Scout Tower |
| 19:56 | Scout Tower |
| 20:01 | Guard Tower |
| 20:03 | Scout Tower |
| 20:04 | Scout Tower |
| 20:09 | Guard Tower |
| 20:13 | Scout Tower |
| 20:13 | Scout Tower |
| 20:14 | Scout Tower |
| 20:23 | Dragonhawk Rider |
| 20:37 | Animal War Training |
| 20:38 | Iron Forged Swords |
| 20:38 | Studded Leather Armor |
| 20:48 | Dragonhawk Rider |
| 20:51 | Guard Tower |
| 20:53 | Scout Tower |
| 20:53 | Scout Tower |
| 20:55 | Dragonhawk Rider |
| 21:03 | Pendant of Energy |
| 21:13 | Guard Tower |
| 21:14 | Scout Tower |
| 21:15 | Scout Tower |
| 21:16 | Guard Tower |
| 21:24 | Scout Tower |
| 21:25 | Scout Tower |
| 21:25 | Scout Tower |
| 21:44 | Flame Strike |
| 22:09 | Guard Tower |
| 22:13 | Scout Tower |
| 22:13 | Scout Tower |
| 22:15 | Scout Tower |
| 22:15 | Scout Tower |
| 22:16 | Scout Tower |
| 22:16 | Scout Tower |
| 22:17 | Scout Tower |
| 22:17 | Scout Tower |
| 22:32 | Guard Tower |
| 22:32 | Scout Tower |
| 22:33 | Scout Tower |
| 22:40 | Steel Forged Swords |
| 22:40 | Reinforced Leather Armor |
| 23:03 | Guard Tower |
| 23:04 | Scout Tower |
| 23:05 | Scout Tower |
| 23:05 | Scout Tower |
| 23:06 | Scout Tower |
| 23:06 | Scout Tower |
| 23:07 | Scout Tower |
| 23:15 | Dragonhawk Rider |
| 23:21 | Guard Tower |
| 23:47 | Dragonhawk Rider |
| 24:25 | Dragonhawk Rider |
| 24:26 | Dragonhawk Rider |
| 25:02 | Dragonhawk Rider |
| 25:07 | Mithril Forged Swords |
| 25:58 | Guard Tower |
| 27:03 | Lesser Clarity Potion |
| 27:12 | Scout Tower |
| 27:26 | Dragonhawk Rider |
| 27:26 | Dragonhawk Rider |
| 27:31 | Dragonhide Armor |
| 27:33 | Lesser Clarity Potion |
| 27:40 | Guard Tower |
| 27:44 | Scout Tower |
| 27:44 | Scout Tower |
| 27:45 | Scout Tower |
| 28:15 | Cloud |
| 28:22 | Ancient Janggo of Endurance |
| 30:04 | Dragonhawk Rider |
| 30:14 | Summon Phoenix |
| 30:17 | Guard Tower |
| 30:52 | Arcane Tower |
| 30:53 | Guard Tower |
| 30:54 | Guard Tower |
| 33:16 | Dragonhawk Rider |
| 33:16 | Dragonhawk Rider |
| 34:08 | Siphon Mana |
| Right click | 1808 |
| Assign group | 596 |
| Select | 524 |
| Select group | 470 |
| Build/train/purchase | 220 |
| Chat | 213 |
| Use ability | 116 |
| Misc. action | 38 |
| Resource trade | 26 |
| Item give/drop | 8 |
| Minimap ping | 3 |
Mata
(34:15) : 


| Scroll of Regeneration | 3 | 300 |
| Ivory Tower | 2 | 80 |
| Staff of Sanctuary | 3 | 750 |
| Staff of Teleportation | 3 | 450 |
| Orb of Corruption | 2 | 750 |
| Legion Doom-Horn | 1 | 500 |
| Talisman of Evasion | 2 | 600 |
| Ancient Janggo of Endurance | 1 | 500 |
| Ring of Regeneration | 1 | 300 |
| total: | 18 | 4230g |
| Peasant | 31 | 2325 | / | 0 |
| total: | 31 | 2325g | / | 0w |
| Scout Tower | 109 | 3270 | / | 2180 |
| Arcane Tower | 3 | 210 | / | 150 |
| Guard Tower | 53 | 3710 | / | 2650 |
| Altar of Kings | 1 | 180 | / | 50 |
| Farm | 5 | 400 | / | 100 |
| Lumber Mill | 1 | 120 | / | 0 |
| Arcane Vault | 4 | 520 | / | 120 |
| Town Hall | 2 | 770 | / | 410 |
| Blacksmith | 1 | 140 | / | 60 |
| Barracks | 1 | 160 | / | 60 |
| Arcane Sanctum | 1 | 150 | / | 140 |
| Gryphon Aviary | 2 | 280 | / | 300 |
| Keep | 2 | 640 | / | 420 |
| Castle | 1 | 360 | / | 210 |
| total: | 127 | 5990g | / | 3420w |
| 0:01 | Peasant |
| 0:01 | Peasant |
| 0:04 | Altar of Kings |
| 0:17 | Farm |
| 0:21 | Peasant |
| 0:26 | Peasant |
| 0:55 | Lumber Mill |
| 0:56 | Peasant |
| 1:01 | Scout Tower |
| 1:02 | Peasant |
| 1:13 | Scout Tower |
| 1:15 | Peasant |
| 1:30 | Arcane Tower |
| 1:36 | Farm |
| 1:38 | Peasant |
| 1:46 | Peasant |
| 1:58 | Guard Tower |
| 2:06 | Blizzard |
| 2:15 | Peasant |
| 2:19 | Scout Tower |
| 2:20 | Scout Tower |
| 2:21 | Scout Tower |
| 2:23 | Farm |
| 2:55 | Peasant |
| 2:56 | Guard Tower |
| 2:58 | Arcane Vault |
| 2:59 | Scout Tower |
| 3:09 | Peasant |
| 3:48 | Peasant |
| 3:48 | Peasant |
| 3:48 | Peasant |
| 3:50 | Brilliance Aura |
| 4:06 | Staff of Teleportation |
| 4:26 | Guard Tower |
| 4:27 | Scout Tower |
| 4:29 | Improved Masonry |
| 4:29 | Advanced Masonry |
| 4:30 | Peasant |
| 4:30 | Peasant |
| 4:30 | Peasant |
| 4:39 | Peasant |
| 4:58 | Peasant |
| 4:58 | Guard Tower |
| 5:00 | Scout Tower |
| 5:00 | Scout Tower |
| 5:01 | Scout Tower |
| 5:24 | Peasant |
| 6:23 | Blizzard |
| 6:26 | Town Hall |
| 6:28 | Scout Tower |
| 6:28 | Scout Tower |
| 6:29 | Scout Tower |
| 7:02 | Guard Tower |
| 7:22 | Guard Tower |
| 7:24 | Peasant |
| 7:54 | Peasant |
| 7:55 | Peasant |
| 7:58 | Keep |
| 8:13 | Scout Tower |
| 8:14 | Scout Tower |
| 8:15 | Scout Tower |
| 8:18 | Scout Tower |
| 8:18 | Scout Tower |
| 8:19 | Peasant |
| 8:19 | Peasant |
| 8:41 | Guard Tower |
| 8:56 | Peasant |
| 9:05 | Scout Tower |
| 9:06 | Scout Tower |
| 9:06 | Scout Tower |
| 9:07 | Scout Tower |
| 9:10 | Scout Tower |
| 9:10 | Scout Tower |
| 9:11 | Scout Tower |
| 9:12 | Scout Tower |
| 9:17 | Guard Tower |
| 9:19 | Scout Tower |
| 9:19 | Scout Tower |
| 9:20 | Scout Tower |
| 9:20 | Scout Tower |
| 10:40 | Guard Tower |
| 10:43 | Scroll of Regeneration |
| 10:43 | Ivory Tower |
| 10:45 | Ivory Tower |
| 10:52 | Guard Tower |
| 10:54 | Scout Tower |
| 10:55 | Scout Tower |
| 10:55 | Scout Tower |
| 10:56 | Scout Tower |
| 11:07 | Guard Tower |
| 11:10 | Scroll of Regeneration |
| 11:13 | Scout Tower |
| 11:14 | Scout Tower |
| 11:25 | Guard Tower |
| 11:28 | Imbued Masonry |
| 11:30 | Castle |
| 11:40 | Guard Tower |
| 11:52 | Guard Tower |
| 12:05 | Storm Bolt |
| 12:10 | Guard Tower |
| 12:11 | Scout Tower |
| 12:18 | Guard Tower |
| 12:19 | Scout Tower |
| 12:20 | Scout Tower |
| 12:21 | Scout Tower |
| 12:57 | Scout Tower |
| 12:57 | Scout Tower |
| 12:58 | Scout Tower |
| 12:59 | Scout Tower |
| 13:00 | Guard Tower |
| 13:05 | Guard Tower |
| 13:06 | Scout Tower |
| 13:07 | Scout Tower |
| 13:07 | Scout Tower |
| 13:14 | Arcane Sanctum |
| 13:40 | Guard Tower |
| 14:07 | Bash |
| 14:16 | Farm |
| 14:49 | Guard Tower |
| 14:50 | Guard Tower |
| 15:26 | Guard Tower |
| 15:26 | Guard Tower |
| 15:28 | Arcane Vault |
| 15:28 | Arcane Vault |
| 15:44 | Arcane Vault |
| 15:54 | Magic Sentry |
| 15:58 | Scroll of Regeneration |
| 16:00 | Staff of Sanctuary |
| 16:08 | Staff of Teleportation |
| 16:22 | Peasant |
| 16:25 | Scout Tower |
| 16:26 | Scout Tower |
| 16:44 | Holy Light |
| 17:07 | Guard Tower |
| 17:17 | Scout Tower |
| 17:17 | Scout Tower |
| 17:20 | Staff of Sanctuary |
| 17:30 | Storm Bolt |
| 18:13 | Brilliance Aura |
| 18:19 | Guard Tower |
| 18:19 | Guard Tower |
| 18:22 | Peasant |
| 18:31 | Scout Tower |
| 18:34 | Scout Tower |
| 18:35 | Scout Tower |
| 18:35 | Scout Tower |
| 18:36 | Scout Tower |
| 18:36 | Scout Tower |
| 18:37 | Scout Tower |
| 18:39 | Staff of Sanctuary |
| 19:00 | Scout Tower |
| 19:01 | Scout Tower |
| 19:01 | Scout Tower |
| 19:02 | Scout Tower |
| 19:07 | Arcane Tower |
| 19:12 | Legion Doom-Horn |
| 19:17 | Talisman of Evasion |
| 19:29 | Scout Tower |
| 19:31 | Scout Tower |
| 19:32 | Scout Tower |
| 19:32 | Scout Tower |
| 19:33 | Scout Tower |
| 19:34 | Scout Tower |
| 19:34 | Scout Tower |
| 19:55 | Staff of Teleportation |
| 20:03 | Guard Tower |
| 20:06 | Farm |
| 20:14 | Guard Tower |
| 20:21 | Guard Tower |
| 20:43 | Divine Shield |
| 21:03 | Guard Tower |
| 21:14 | Orb of Corruption |
| 21:15 | Orb of Corruption |
| 21:25 | Guard Tower |
| 21:27 | Scout Tower |
| 21:28 | Scout Tower |
| 21:28 | Scout Tower |
| 21:29 | Scout Tower |
| 21:29 | Scout Tower |
| 21:30 | Scout Tower |
| 21:30 | Scout Tower |
| 21:31 | Scout Tower |
| 21:32 | Scout Tower |
| 21:32 | Scout Tower |
| 21:32 | Scout Tower |
| 21:33 | Scout Tower |
| 21:33 | Scout Tower |
| 21:34 | Scout Tower |
| 21:35 | Scout Tower |
| 21:35 | Scout Tower |
| 21:40 | Guard Tower |
| 22:02 | Guard Tower |
| 22:04 | Scout Tower |
| 22:06 | Guard Tower |
| 22:17 | Guard Tower |
| 22:24 | Ancient Janggo of Endurance |
| 22:37 | Blacksmith |
| 22:40 | Guard Tower |
| 23:32 | Peasant |
| 23:33 | Peasant |
| 24:20 | Bash |
| 25:05 | Holy Light |
| 25:15 | Blizzard |
| 26:43 | Studded Leather Armor |
| 27:15 | Talisman of Evasion |
| 27:41 | Ring of Regeneration |
| 28:40 | Gryphon Aviary |
| 28:41 | Gryphon Aviary |
| 28:44 | Reinforced Leather Armor |
| 29:14 | Storm Bolt |
| 29:43 | Barracks |
| 30:03 | Dragonhide Armor |
| 30:43 | Divine Shield |
| 30:51 | Animal War Training |
| 30:58 | Scout Tower |
| 30:59 | Scout Tower |
| 31:00 | Scout Tower |
| 31:01 | Scout Tower |
| 31:01 | Scout Tower |
| 31:02 | Scout Tower |
| 31:03 | Scout Tower |
| 31:05 | Scout Tower |
| 31:05 | Scout Tower |
| 31:06 | Scout Tower |
| 31:06 | Scout Tower |
| 32:21 | Mass Teleport |
| 32:25 | Guard Tower |
| 32:29 | Scout Tower |
| 32:29 | Scout Tower |
| 32:30 | Guard Tower |
| 32:54 | Scout Tower |
| 32:55 | Scout Tower |
| 32:56 | Guard Tower |
| 32:57 | Guard Tower |
| 33:26 | Guard Tower |
| 33:29 | Guard Tower |
| 33:30 | Scout Tower |
| 33:34 | Scout Tower |
| 33:34 | Scout Tower |
| 33:34 | Scout Tower |
| 34:03 | Town Hall |
| 34:05 | Scout Tower |
| 34:05 | Scout Tower |
| 34:06 | Scout Tower |
| 34:08 | Scout Tower |
| 34:09 | Guard Tower |
| Right click | 1864 |
| Select | 1194 |
| Select group | 356 |
| Assign group | 278 |
| Build/train/purchase | 214 |
| Use ability | 105 |
| Resource trade | 71 |
| Misc. action | 24 |
| Minimap ping | 23 |
| Item give/drop | 11 |
| Remove unit | 1 |
⇛